 Dungeon Crawl Stone Soup version 0.14.1-3-gd16b60d (webtiles) character file.

504 Aargh the Bolt Thrower (level 6, 0/47 HPs)
             Began as a Formicid Hunter on May 19, 2014.
             Slain by a centaur (3 damage)
             ... on Level 5 of the Dungeon.
             The game lasted 00:29:12 (4178 turns).

Aargh the Bolt Thrower (Formicid Hunter)            Turns: 4178, Time: 00:29:12

HP   0/47        AC  9     Str 17      XL: 6   Next: 67%
MP   8/8         EV  6     Int 12      God:
Gold 199         SH  0     Dex 11      Spells:  0 memorised,  5 levels left

rFire  . . .     SeeInvis +     a - +0 short sword
rCold  . . .     Clarity  .     H - +0 chain mail
rNeg   . . .     Conserve +     (no shield)
rPois  .         rCorr    .     (helmet unavailable)
rElec  .         rRot     .     O - +0 cloak
SustAb . .       Spirit   .     (no gloves)
rMut   .         Warding  .     (no boots)
Saprov . . .     Stasis   +     e - amulet of conservation {Cons, !d}
MR     .....                    (no ring)
                                (no ring)

@: not resistant to hostile enchantments, extremely unstealthy
A: permanent stasis, dig shafts and tunnels, four strong arms, antennae 3
a: Dig, Shaft Self


You were on level 5 of the Dungeon.
You were very hungry.

You visited 1 branch of the dungeon, and saw 6 of its levels.

You collected 199 gold pieces.

Inventory:

Hand weapons
 a - a +0,+0 short sword (weapon)
 b - a +0 blowgun
   (You took it off a kobold on level 3 of the Dungeon)
 c - a +2,+2 crossbow
 m - a +2,+2 short sword
   (You took it off a kobold on level 1 of the Dungeon)
 o - a +0,+1 anti-magic dagger
   (You took it off an orc wizard on level 4 of the Dungeon)
 p - a +0,+0 dagger
   (You took it off a kobold on level 1 of the Dungeon)
 s - a +0,+0 dagger
   (You took it off a goblin on level 4 of the Dungeon)
 x - a +0,+0 dagger
   (You took it off a kobold on level 3 of the Dungeon)
 y - a +0,+0 scimitar
   (You found it on level 2 of the Dungeon)
 C - a cursed -2,-2 quarterstaff
   (You found it on level 2 of the Dungeon)
 F - a +0,+0 war axe
   (You took it off an orc on level 4 of the Dungeon)
 I - a +2,+2 dagger
   (You took it off an orc wizard on level 4 of the Dungeon)
 M - a +1,+1 hand axe of electrocution
   (You found it on level 5 of the Dungeon)
 N - a +0,+0 hand axe
   (You took it off an orc priest on level 4 of the Dungeon)
Missiles
 g - 13 bolts of frost
 h - 56 darts (quivered)
 j - 11 bolts of penetration
 t - 12 stones
 A - 13 poisoned needles
 B - 24 bolts
 E - 15 steel darts
 L - 2 tomahawks
Armour
 d - a +0 leather armour
 l - a +0 cloak
   (You found it on level 1 of the Dungeon)
 H - a +0 chain mail (worn)
   (You found it on level 2 of the Dungeon)
 J - a +0 robe
   (You took it off an orc wizard on level 4 of the Dungeon)
 O - a +0 cloak (worn)
   (You found it on level 5 of the Dungeon)
Comestibles
 f - 5 bread rations
 z - a choko
 P - 2 chunks of hound flesh
Scrolls
 v - a scroll of amnesia {unknown}
 w - 2 scrolls of enchant weapon I
 D - 4 scrolls of remove curse
 K - 2 scrolls of identify
Jewellery
 e - an amulet of conservation (around neck) {Cons, !d}
   (You found it on level 1 of the Dungeon)
 q - a cursed ring of teleportation {+/*tele, !d}
   (You found it on level 2 of the Dungeon)
Potions
 i - a potion of curing
 k - a potion of might
 n - a potion of flight {unknown}
 r - a potion of cure mutation
 u - a potion of heal wounds {unknown}
Rods
 G - a +0 rod of ignition (10/10) {!a}
   (You found it on level 4 of the Dungeon)


   Skills:
 + Level 3.4 Fighting
 + Level 2.0 Long Blades
 + Level 4.8 Crossbows
 + Level 3.1 Dodging
 + Level 3.9 Stealth


You had 5 spell levels left.
You didn't know any spells.

Dungeon Overview and Level Annotations

Branches:
Dungeon (6/15)
 Temple: D:4-7

Altars:

Shops:
D:4 %

Annotations:
D:5 exclusion: downstairs, Grinder
D:6 Aargh's ghost, weakling FeBe


Innate Abilities, Weirdness & Mutations

Your are under a permanent stasis effect.
You can dig through walls and to a lower floor.
Your four strong arms can wield two-handed weapons with a shield.
You have a pair of large antennae on your head (SInv).


Message History

You hit the phantom. The phantom hits you.
You closely miss the phantom.
The phantom hits you but does no damage.
You miss the phantom.
The phantom hits you but does no damage.
You hit the phantom. The phantom barely misses you.
You miss the phantom.
The phantom blinks!
You hit the phantom.
The phantom hits you but does no damage.
You barely miss the phantom. The phantom hits you.
You hit the phantom.
The phantom blinks!
The phantom hits you!
You hit the phantom but do no damage. The phantom hits you.
The phantom hits you but does no damage.
You closely miss the phantom.
The phantom hits you but does no damage.
You closely miss the phantom.
The phantom hits you but does no damage.
You hit the phantom. The phantom hits you.
The phantom blinks!
The phantom blinks!
You see here a hound corpse.
You stop butchering the corpse.
You start butchering the hound corpse.
You continue butchering the corpse.
You continue butchering the corpse.
You finish butchering the hound corpse.
P - 2 chunks of hound flesh You see here a hound skeleton.
The phantom blinks!
You see here a hound skeleton.
A giant cockroach comes into view.
The giant cockroach moves out of view.
The phantom blinks!
The giant cockroach bites you but does no damage.
You hit the giant cockroach but do no damage.
The giant cockroach bites you but does no damage.
Your chain mail prevents you from hitting the giant cockroach.
The giant cockroach closely misses you.
Your chain mail prevents you from hitting the giant cockroach.
The giant cockroach bites you but does no damage. x2
You closely miss the giant cockroach.
The giant cockroach bites you but does no damage.
You closely miss the giant cockroach.
The giant cockroach bites you but does no damage.
You hit the giant cockroach.
You kill the giant cockroach!
Your Long Blades skill increases to level 2!
A centaur comes into view.
The centaur shouts!
The centaur wields a bow.
The centaur shoots an arrow.
The arrow hits you!
Things that are here:
an arrow; a giant cockroach corpse You hit the phantom.
The centaur shoots an arrow.
The arrow hits you!
The centaur shoots an arrow.
The arrow hits you!
* * * LOW HITPOINT WARNING * * *
The phantom blinks!
The centaur shoots an arrow.
The arrow misses you.
The centaur moves out of view.
Drink which item? (? for menu, Esc to quit)
You feel better.
The centaur shoots an arrow.
The arrow hits you!
You barely miss the phantom. The phantom hits you.
* * * LOW HITPOINT WARNING * * *
The phantom blinks!
The centaur unwields an uncursed bow.
The centaur hits you but does no damage.
The centaur hits you.
* * * LOW HITPOINT WARNING * * *
You hit the centaur.
The centaur hits you but does no damage.
Drink which item? (? for menu, Esc to quit)
You feel better.
The centaur hits you but does no damage.
The centaur barely misses you.
You hit the centaur.
The centaur hits you but does no damage.
The phantom blinks!
The centaur barely misses you.
You closely miss the centaur.
The phantom blinks!
The centaur hits you.
* * * LOW HITPOINT WARNING * * *
You hit the centaur but do no damage.
The centaur hits you but does no damage. x2
You completely miss the centaur. The centaur barely misses you.
The phantom hits you but does no damage.
You hit the centaur but do no damage. The centaur barely misses you.
The centaur barely misses you. The phantom hits you.
* * * LOW HITPOINT WARNING * * *
You hit the centaur but do no damage.
The centaur hits you but does no damage.
The phantom hits you.
* * * LOW HITPOINT WARNING * * *
The phantom blinks!
The centaur hits you but does no damage.
You hit the centaur.
The centaur hits you but does no damage.
Your chain mail prevents you from hitting the centaur.
The centaur hits you but does no damage.
The centaur hits you.
* * * LOW HITPOINT WARNING * * *
You are feeling very hungry.
Your chain mail prevents you from hitting the centaur.
The centaur hits you.
You die...

.#.......#............
.........%............
##########............
......###ยง...........
#....#..............
#...(#..#####.#.....
#....#..# #.#.....
#..##..(.#p.#####.......
#......@c..........#####
##.#####.#.........#....
(...........##.###
###....###... #.#..
....... ... #.#.# {
.#.###.# #.#.# #.#..{ .#
#.#.# ### .# #.#.# #.#..


You could see a phantom and a centaur.

Vanquished Creatures
  An orc priest (D:4)
  3 orc wizards (D:4)
  A hound (D:5)
  Ijyb (D:2)
  5 adders
  A worm (D:6)
  An adder skeleton (D:4)
  2 giant geckos
  2 oozes
  7 orcs (D:4)
  2 ball pythons
  A bat skeleton (D:4)
  7 hobgoblins
  8 jackals
  12 kobolds
  A quokka (D:4)
  8 bats
  7 giant cockroaches
  5 giant newts
  6 goblins
  A goblin skeleton (D:4)
  9 rats
91 creatures vanquished.

Vanquished Creatures (others)
  5 toadstools (D:1)
5 creatures vanquished.

Grand Total: 96 creatures vanquished

Notes
Turn   | Place    | Note
--------------------------------------------------------------
     0 | D:1      | Aargh, the Formicid Hunter, began the quest for the Orb.
     0 | D:1      | Reached XP level 1. HP: 15/15 MP: 1/1
   140 | D:1      | Reached XP level 2. HP: 21/21 MP: 3/3
   141 | D:1      | Reached skill level 2 in Dodging
   415 | D:1      | Reached skill level 2 in Stealth
   589 | D:2      | Reached XP level 3. HP: 27/27 MP: 4/4
   638 | D:2      | Noticed Ijyb
   643 | D:2      | Killed Ijyb
   936 | D:1      | Reached skill level 2 in Fighting
  1242 | D:2      | Reached XP level 4. HP: 33/33 MP: 5/5
  1708 | D:2      | Reached skill level 3 in Stealth
  1761 | D:2      | Reached XP level 5. HP: 39/39 MP: 7/7
  2510 | D:4      | Reached skill level 1 in Long Blades
  2621 | D:5      | Entered Level 5 of the Dungeon
  2628 | D:5      | Noticed a phantom
  2649 | D:5      | Noticed Grinder
  2969 | D:4      | Reached skill level 3 in Fighting
  3063 | D:4      | Identified a +0 rod of ignition (10/10) (You found it on level 4 of the Dungeon)
  3092 | D:4      | Reached XP level 6. HP: 38/47 MP: 8/8
  3150 | D:4      | Found Mniclurph's Food Emporium.
  3166 | D:4      | Reached skill level 3 in Dodging
  3932 | D:6      | Noticed Aargh's ghost (weakling FeBe)
  4159 | D:5      | Reached skill level 2 in Long Blades
  4167 | D:5      | HP: 9/47 [centaur (3)]
  4174 | D:5      | HP: 7/47 [phantom (5)]
  4177 | D:5      | HP: 3/47 [centaur (3)]
  4178 | D:5      | Slain by a centaur

Action                   |  1- 3 |  4- 6 || total
-------------------------+-------+-------++-------
Melee: Short sword       |       |   170 ||   170
 Fire: Crossbow          |    55 |    77 ||   132
Throw: Dart              |       |     1 ||     1
  Use: Scroll            |     7 |     3 ||    10
       Potion            |       |     7 ||     7

Vault maps used:
D:1:      ldierk_walled_garden, minmay_misc_feat_encased
D:2:      uniq_iyjb
D:3:      first_bread, minmay_fountain_box
D:4:      serial_shops, shop, grunt_decor_resistance
D:5:      serial_shops, shop, corner_web_ring, uniq_natasha, uniq_grinder,
          uniq_crazy_yiuf_cottage, uniq_sigmund
D:6:      cheibriados_altar_1, temple_doors_d, nemelex_deck

Table legend:
 A = Turns spent in this place as a percentage of turns spent in the entire game.
 B = Non-inter-level travel turns spent in this place as a percentage of non-inter-level travel turns spent in the entire game.
 C = Inter-level travel turns spent in this place as a percentage of turns spent in this place.
 D = Turns resting spent in this place as a percentage of non-inter-level travel turns spent in this place.
 E = Turns spent auto-exploring this place as a percentage of non-inter-level travel turns spent in this place.
 F = Non-inter-level travel turns spent in this place divided by the number of levels of this place that you've seen.
                   A       B       C       D       E      F
               +-------+-------+-------+-------+-------+----------------------
         Total | 100.0 | 100.0 |   0.0 |   1.5 |   0.5 | 430.8
       Dungeon | 100.0 | 100.0 |   0.0 |   1.5 |   0.5 | 430.8
               +-------+-------+-------+-------+-------+----------------------

Table legend:
 A = Kills in this place as a percentage of kills in entire the game.
 B = Kills by you in this place as a percentage of kills by you in the entire game.
 C = Kills by friends in this place as a percentage of kills by friends in the entire game.
 D = Other kills in this place as a percentage of other kills in the entire game.
 E = Experience gained in this place as a percentage of experience gained in the entire game.
 F = Experience gained in this place divided by the number of levels of this place that you have seen.
                   A       B       C       D       E      F
               +-------+-------+-------+-------+-------+----------------------
         Total | 100.0 | 100.0 |  -nan |  -nan | 100.0 |  72.8
       Dungeon | 100.0 | 100.0 |  -nan |  -nan | 100.0 |  72.8
               +-------+-------+-------+-------+-------+----------------------
